UAA
SUN PRAIRIE SWALLOWS @ REMSEN ALPHAS
08/29/2017
 
TOP OF THE 1ST
Sun Prairie Swallows batting - Pitching for Remsen Alphas : RHP Raúl Rodríguez
Pitching: RHP Raúl Rodríguez
Batting: RHB Monty Sharp 0-0: Fly out, F2 (Popup, 25F)
Batting: RHB Jeremy Christensen 0-0: Ball
1-0: Ball
2-0: Ball
3-0: Called Strike
3-1: Base on Balls
Batting: LHB Albert Morán 0-0: Foul Ball, location: 2F
0-1: Ball
1-1: Swinging Strike
1-2: SINGLE (Groundball, 5S) (infield hit)
Jeremy Christensen to second
Batting: LHB Héctor Cortéz 0-0: Foul Ball, location: 2F
0-1: Hit by Pitch
Jeremy Christensen to third
Albert Morán to second
Batting: LHB John Brewer 0-0: Called Strike
0-1: Grounds into fielders choice 1-2 (Groundball, 23)
Albert Morán to third
Héctor Cortéz to second
Batting: LHB Kent Roberts 0-0: Ball
1-0: Ball
2-0: Swinging Strike
2-1: Called Strike
2-2: Ball
3-2: Strikes out swinging
Top of the 1st over - 0 run(s), 1 hit(s), 0 error(s), 3 left on base; Sun Prairie 0 - Remsen 0
BOTTOM OF THE 1ST
Remsen Alphas batting - Pitching for Sun Prairie Swallows : RHP Pat Hunt
Pitching: RHP Pat Hunt
Batting: RHB Hank Wilder 0-0: Ball
1-0: Called Strike
1-1: Swinging Strike
1-2: Ball
2-2: SINGLE (Flyball, 7S)
Batting: RHB Steve Robinson 0-0: Ball
1-0: SINGLE (Line Drive, 34D)
Hank Wilder to second
Batting: SHB Todd Hill 0-0: Called Strike
0-1: Swinging Strike
0-2: Strikes out swinging
Batting: RHB Thatcher González 0-0: Ball
1-0: Called Strike
1-1: Ball
2-1: Fly out, F5 (Popup, 25F)
Batting: SHB Ed Garner 0-0: Ball
1-0: Ball
2-0: Ball
3-0: Base on Balls
Hank Wilder to third
Steve Robinson to second
Batting: RHB Bryan Wilson 0-0: Ball
1-0: Foul Ball, location: 2F
1-1: Ball
2-1: Ball
3-1: Base on Balls
Hank Wilder scores
Steve Robinson to third
Ed Garner to second
Batting: RHB Marc Pratt 0-0: Ball
1-0: Ball
2-0: Ball
3-0: Called Strike
3-1: Called Strike
3-2: Strikes out looking
Bottom of the 1st over - 1 run(s), 2 hit(s), 0 error(s), 3 left on base; Sun Prairie 0 - Remsen 1
TOP OF THE 2ND
Sun Prairie Swallows batting - Pitching for Remsen Alphas : RHP Raúl Rodríguez
Batting: RHB Ron Williams 0-0: Swinging Strike
0-1: Foul Ball, location: 2F
0-2: Ground out 6-3 (Groundball, 6)
Batting: RHB Jon Erickson 0-0: Foul Ball, location: 2F
0-1: Ball
1-1: Called Strike
1-2: Ball
2-2: Strikes out swinging
Batting: LHB José Marín 0-0: Foul Ball, location: 2F
0-1: Swinging Strike
0-2: Fly out, F6 (Popup, 6)
Top of the 2nd over - 0 run(s), 0 hit(s), 0 error(s), 0 left on base; Sun Prairie 0 - Remsen 1
BOTTOM OF THE 2ND
Remsen Alphas batting - Pitching for Sun Prairie Swallows : RHP Pat Hunt
Batting: LHB Jerry Mitchell 0-0: Foul Ball, location: 2F
0-1: Swinging Strike
0-2: Foul Ball, location: 2F
0-2: Ball
1-2: Strikes out looking
Batting: RHB Rafael Herrera 0-0: Called Strike
0-1: Foul Ball, location: 2F
0-2: Ball
1-2: Strikes out swinging
Batting: RHB Hank Wilder 0-0: Ball
1-0: Swinging Strike
1-1: Foul Ball, location: 2F
1-2: Foul Ball, location: 2F
1-2: Fly out, F9 (Line Drive, 9M)
Bottom of the 2nd over - 0 run(s), 0 hit(s), 0 error(s), 0 left on base; Sun Prairie 0 - Remsen 1
TOP OF THE 3RD
Sun Prairie Swallows batting - Pitching for Remsen Alphas : RHP Raúl Rodríguez
Batting: RHB Monty Sharp 0-0: Ball
1-0: Ball
2-0: Ball
3-0: Called Strike
3-1: Base on Balls
Batting: RHB Jeremy Christensen 0-0: Called Strike
0-1: Ball
1-1: Ball
2-1: Foul Ball, location: 2F
2-2: Ball
3-2: Strikes out swinging
Monty Sharp steals 2nd base
Batter strikes out.
Batting: LHB Albert Morán 0-0: Ball
1-0: Ball
2-0: Ball
3-0: Called Strike
3-1: Base on Balls
Batting: LHB Héctor Cortéz 0-0: Ball
1-0: Ball
2-0: Ball
3-0: Called Strike
3-1: Called Strike
3-2: SINGLE (Line Drive, 8RS)
Monty Sharp to third
Albert Morán to second
Runner from 3rd tries for Home, SAFE, no throw or cutoff
Batting: LHB John Brewer 0-0: Called Strike
0-1: Foul Ball, location: 2F
0-2: Ball
1-2: Strikes out swinging
Batting: LHB Kent Roberts 0-0: Called Strike
0-1: Ball
1-1: Swinging Strike
1-2: Foul Ball, location: 2F
1-2: Ground out 4-3 (Groundball, 4)
Top of the 3rd over - 1 run(s), 1 hit(s), 0 error(s), 2 left on base; Sun Prairie 1 - Remsen 1
BOTTOM OF THE 3RD
Remsen Alphas batting - Pitching for Sun Prairie Swallows : RHP Pat Hunt
Batting: RHB Steve Robinson 0-0: Called Strike
0-1: Ball
1-1: Foul Ball, location: 2F
1-2: SINGLE (Groundball, 56D)
Batting: SHB Todd Hill 0-0: Ball
1-0: Ball
2-0: Called Strike
2-1: Ball
3-1: SINGLE (Flyball, 89S)
Steve Robinson to second
Runner from 2nd tries for 3rd, SAFE, throw made to third
Batting: RHB Thatcher González 0-0: Called Strike
0-1: Foul Ball, location: 2F
0-2: Foul Ball, location: 2F
0-2: Hit by Pitch
Todd Hill to second
Batting: SHB Ed Garner 0-0: Called Strike
0-1: Called Strike
0-2: Ball
1-2: Strikes out swinging
Batting: RHB Bryan Wilson 0-0: Ball
1-0: Foul Ball, location: 2F
1-1: Fly out, F9 (Flyball, 9LM)
Runner from 3rd tags up, SCORES, no throw
Batting: RHB Marc Pratt 0-0: Foul Ball, location: 2F
0-1: Ball
1-1: Ball
2-1: SINGLE (Line Drive, 34)
Todd Hill to third
Thatcher González to second
Runner from 3rd tries for Home, SAFE, no throw or cutoff
Batting: LHB Jerry Mitchell 0-0: Ball
1-0: Ball
2-0: Called Strike
2-1: Swinging Strike
2-2: Ball
3-2: Foul Ball, location: 2F
3-2: Foul Ball, location: 2F
3-2: Fly out, F8 (Flyball, 8LM)
Bottom of the 3rd over - 2 run(s), 3 hit(s), 0 error(s), 2 left on base; Sun Prairie 1 - Remsen 3
TOP OF THE 4TH
Sun Prairie Swallows batting - Pitching for Remsen Alphas : RHP Raúl Rodríguez
Batting: RHB Ron Williams 0-0: Ground out 6-3 (Groundball, 6M)
Batting: RHB Jon Erickson 0-0: Ball
1-0: Ball
2-0: Ball
3-0: Base on Balls
Batting: LHB José Marín 0-0: Called Strike
0-1: Ball
1-1: Fielders Choice at 2nd, 4-6 (Groundball, 34)
Batting: RHB Monty Sharp 0-0: Swinging Strike
0-1: Ball
1-1: Ground out 4-3 (Groundball, 4)
Top of the 4th over - 0 run(s), 0 hit(s), 0 error(s), 1 left on base; Sun Prairie 1 - Remsen 3
BOTTOM OF THE 4TH
Remsen Alphas batting - Pitching for Sun Prairie Swallows : RHP Pat Hunt
Batting: RHB Rafael Herrera 0-0: Ball
1-0: Fly out, F4 (Line Drive, 4D)
Batting: RHB Hank Wilder 0-0: Called Strike
0-1: Ball
1-1: Ball
2-1: Foul Ball, location: 2F
2-2: Foul Ball, location: 2F
2-2: Foul Ball, location: 2F
2-2: SOLO HOME RUN (Flyball, 78XD), Distance : 362 ft
Batting: RHB Steve Robinson 0-0: Ball
1-0: Ball
2-0: Ball
3-0: Called Strike
3-1: Called Strike
3-2: Foul Ball, location: 2F
3-2: Strikes out looking
Batting: SHB Todd Hill 0-0: Foul Ball, location: 2F
0-1: Ball
1-1: Ball
2-1: Ball
3-1: Base on Balls
Pitching: LHP Artie Carroll
Batting: RHB Thatcher González 0-0: Ball
1-0: Fly out, F4 (Popup, 4M)
Bottom of the 4th over - 1 run(s), 1 hit(s), 0 error(s), 1 left on base; Sun Prairie 1 - Remsen 4
TOP OF THE 5TH
Sun Prairie Swallows batting - Pitching for Remsen Alphas : RHP Raúl Rodríguez
Batting: RHB Jeremy Christensen 0-0: Called Strike
0-1: Swinging Strike
0-2: Strikes out swinging
Batting: LHB Albert Morán 0-0: SINGLE (Line Drive, 9S)
Batting: LHB Héctor Cortéz 0-0: Called Strike
Albert Morán is caught stealing 2nd base
0-1: Called Strike
0-2: Ball
1-2: Foul Ball, location: 2F
1-2: Strikes out swinging
Top of the 5th over - 0 run(s), 1 hit(s), 0 error(s), 0 left on base; Sun Prairie 1 - Remsen 4
BOTTOM OF THE 5TH
Remsen Alphas batting - Pitching for Sun Prairie Swallows : LHP Artie Carroll
Batting: SHB Ed Garner 0-0: Called Strike
0-1: SINGLE (Line Drive, 89S)
Batting: RHB Bryan Wilson 0-0: Bunted foul
0-1: Bunted foul
0-2: Fly out, F8 (Flyball, 8LM)
Batting: RHB Marc Pratt 0-0: Called Strike
0-1: Foul Ball, location: 2F
0-2: Ball
1-2: Ball
2-2: Ball
3-2: Fly out, F3 (Popup, 13)
Batting: LHB Jerry Mitchell 0-0: Fly out, F7 (Popup, 56D)
Bottom of the 5th over - 0 run(s), 1 hit(s), 0 error(s), 1 left on base; Sun Prairie 1 - Remsen 4
TOP OF THE 6TH
Sun Prairie Swallows batting - Pitching for Remsen Alphas : RHP Raúl Rodríguez
Batting: LHB John Brewer 0-0: Ball
1-0: Ball
2-0: Foul Ball, location: 2F
2-1: Foul Ball, location: 2F
2-2: Strikes out swinging
Batting: LHB Kent Roberts 0-0: Ball
1-0: Bunt for hit - play at first, batter safe!
Batting: RHB Ron Williams 0-0: Ball
1-0: Swinging Strike
1-1: Ball
2-1: Called Strike
2-2: Foul Ball, location: 2F
2-2: Ball
3-2: Base on Balls
Kent Roberts to second
Pitching: RHP Nolan Park
Batting: RHB Jon Erickson 0-0: Foul Ball, location: 2F
0-1: Called Strike
0-2: Ball
1-2: Ball
2-2: Foul Ball, location: 2F
2-2: Fielders Choice at 2nd, 4-6 (Groundball, 4)
Kent Roberts to third
Batting: LHB José Marín 0-0: Called Strike
0-1: Called Strike
0-2: Foul Ball, location: 2F
0-2: Strikes out looking
Top of the 6th over - 0 run(s), 1 hit(s), 0 error(s), 2 left on base; Sun Prairie 1 - Remsen 4
BOTTOM OF THE 6TH
Remsen Alphas batting - Pitching for Sun Prairie Swallows : LHP Artie Carroll
Batting: RHB Rafael Herrera 0-0: SINGLE (Line Drive, 89M)
Batting: RHB Hank Wilder 0-0: Called Strike
0-1: Ball
1-1: 2-RUN HOME RUN (Flyball, 7LD), Distance : 338 ft
Pitching: RHP Júlio Villegas
Batting: RHB Steve Robinson 0-0: Ground out 1-3 (Groundball, 15)
Batting: SHB Todd Hill 0-0: DOUBLE (Flyball, 8LXD)
Batting: RHB Thatcher González 0-0: Fly out, F3 (Popup, 3)
Batting: SHB Ed Garner 0-0: Ball
1-0: Ball
2-0: Ground out U3 (Groundball, 3)
Bottom of the 6th over - 2 run(s), 3 hit(s), 0 error(s), 1 left on base; Sun Prairie 1 - Remsen 6
TOP OF THE 7TH
Sun Prairie Swallows batting - Pitching for Remsen Alphas : RHP Nolan Park
Batting: RHB Monty Sharp 0-0: SINGLE (Groundball, 34S)
Batting: RHB Jeremy Christensen 0-0: Ball
1-0: Foul Ball, location: 2F
1-1: Foul Ball, location: 2F
1-2: Strikes out swinging
Batting: LHB Albert Morán 0-0: Foul Ball, location: 2F
0-1: Ball
1-1: Ball
2-1: Foul Ball, location: 2F
2-2: SINGLE (Groundball, 56D)
Monty Sharp to second
Monty Sharp to third
Batting: LHB Héctor Cortéz 0-0: SINGLE (Flyball, 7S)
Monty Sharp scores
Albert Morán to second
Batting: LHB John Brewer 0-0: Ball
1-0: Ball
2-0: SINGLE (Groundball, 34D)
Albert Morán to third
Héctor Cortéz to second
Runner from 3rd tries for Home, SAFE, no throw or cutoff
Pitching: RHP Esteban Ruíz
Batting: LHB Kent Roberts 0-0: Ball
1-0: Ball
2-0: SINGLE (Line Drive, 8RS)
Héctor Cortéz to third
John Brewer to second
Runner from 3rd tries for Home, SAFE, no throw or cutoff
Pinch Runner at 2nd Troy Grant:
Pinch Hitting: RHB Jim Unknown 0-0: Ball
1-0: Grounds into double play, 4-6-3 (Groundball, 4M)
Top of the 7th over - 3 run(s), 5 hit(s), 0 error(s), 1 left on base; Sun Prairie 4 - Remsen 6
BOTTOM OF THE 7TH
Remsen Alphas batting - Pitching for Sun Prairie Swallows : RHP Júlio Villegas
Now at 1B: Jim Unknown
Now at SS: Troy Grant
Batting: RHB Bryan Wilson 0-0: Called Strike
0-1: Foul Ball, location: 2F
0-2: Ball
1-2: Ground out 6-3 (Groundball, 6)
Batting: RHB Marc Pratt 0-0: Ball
1-0: Called Strike
1-1: Foul Ball, location: 2F
1-2: Ball
2-2: Fly out, F7 (Line Drive, 7LM)
Batting: LHB Jerry Mitchell 0-0: Called Strike
0-1: Ball
1-1: Foul Ball, location: 2F
1-2: Foul Ball, location: 2F
1-2: Strikes out swinging
Bottom of the 7th over - 0 run(s), 0 hit(s), 0 error(s), 0 left on base; Sun Prairie 4 - Remsen 6
TOP OF THE 8TH
Sun Prairie Swallows batting - Pitching for Remsen Alphas : RHP Esteban Ruíz
Batting: RHB Jon Erickson 0-0: Ground out 4-3 (Groundball, 4M)
Batting: LHB José Marín 0-0: Called Strike
0-1: Ball
1-1: Ball
2-1: Ball
3-1: Fly out, F8 (Flyball, 8RM)
Batting: RHB Monty Sharp 0-0: Ball
1-0: SINGLE (Line Drive, 6MD)
Pitching: RHP James Johnson
Batting: RHB Jeremy Christensen 0-0: Foul Ball, location: 2F
0-1: SINGLE (Line Drive, 6M)
Monty Sharp to second
Pitching: RHP Craig Evans
Batting: LHB Albert Morán 0-0: Ball
1-0: Ball
2-0: Ball
3-0: Base on Balls
Monty Sharp to third
Jeremy Christensen to second
Pitching: LHP Richard Holmes
Batting: LHB Héctor Cortéz 0-0: Ground out 4-3 (Groundball, 34)
Top of the 8th over - 0 run(s), 2 hit(s), 0 error(s), 3 left on base; Sun Prairie 4 - Remsen 6
BOTTOM OF THE 8TH
Remsen Alphas batting - Pitching for Sun Prairie Swallows : RHP Júlio Villegas
Pitching: RHP Larry Gordon
Batting: RHB Rafael Herrera 0-0: Called Strike
0-1: Foul Ball, location: 2F
0-2: Fly out, F3 (Popup, 3F)
Batting: RHB Hank Wilder 0-0: Called Strike
0-1: Ball
1-1: Ball
2-1: Ball
3-1: Ground out 6-3 (Groundball, 56)
Batting: RHB Steve Robinson 0-0: Called Strike
0-1: Reached on error, E5 (Groundball, 56)
Batting: SHB Todd Hill 0-0: Ball
Wild Pitch!
Steve Robinson to second
1-0: Ball
2-0: Ball
3-0: Called Strike
3-1: Base on Balls
Batting: RHB Thatcher González 0-0: Ball
1-0: Foul Ball, location: 2F
1-1: Ball
2-1: Foul Ball, location: 2F
2-2: SINGLE (Groundball, 6MD)
Steve Robinson to third
Todd Hill to second
Runner from 3rd tries for Home, SAFE, no throw or cutoff
Batting: SHB Ed Garner 0-0: Called Strike
0-1: Ball
1-1: Swinging Strike
1-2: Ball
2-2: Ground out 4-3 (Groundball, 4)
Bottom of the 8th over - 1 run(s), 1 hit(s), 1 error(s), 2 left on base; Sun Prairie 4 - Remsen 7
TOP OF THE 9TH
Sun Prairie Swallows batting - Pitching for Remsen Alphas : LHP Richard Holmes
Pitching: RHP Hänsel Freeh
Batting: SHB Troy Grant 0-0: Foul Ball, location: 2F
0-1: Ball
1-1: Ball
2-1: Ball
3-1: Base on Balls
Batting: LHB Kent Roberts 0-0: Swinging Strike
0-1: Ball
1-1: Ball
Wild Pitch!
Troy Grant to second
2-1: Ball
3-1: Called Strike
3-2: Foul Ball, location: 2F
3-2: Foul Ball, location: 2F
3-2: Strikes out swinging
Batting: RHB Jim Unknown 0-0: Called Strike
0-1: Ball
1-1: Ball
2-1: Foul Ball, location: 2F
2-2: Ground out 5-3 (Groundball, 56)
Batting: RHB Jon Erickson 0-0: Foul Ball, location: 2F
0-1: Foul Ball, location: 2F
0-2: Ball
1-2: Foul Ball, location: 2F
1-2: Ball
2-2: Strikes out looking
Top of the 9th over - 0 run(s), 0 hit(s), 0 error(s), 1 left on base; Sun Prairie 4 - Remsen 7
This league is powered by Out of the Park Baseball, the baseball management simulation game for PC, Mac and Linux
Saturday, February 27th, 2021 - OOTP Baseball 15.6 Build 34